 Dungeon Crawl Stone Soup version 0.22.1-2-g9c5b331 (webtiles) character file.

221 tognito the Chopper (level 5, -6/45 HPs)
             Began as a Minotaur Berserker on Dec 22, 2018.
             Was a Believer of Trog.
             Mangled by a gnoll
             ... wielding a +0 spear
              (10 damage)
             ... on level 3 of the Dungeon.
             The game lasted 00:04:41 (2347 turns).

tognito the Chopper (Minotaur Berserker)            Turns: 2347, Time: 00:04:42

Health: -6/45      AC:  6    Str: 22    XL:     5   Next: 65%
Magic:  4/4        EV: 11    Int:  4    God:    Trog [**....]
Gold:   220        SH:  0    Dex: 10    Spells: 4/4 levels left

rFire    . . .     SeeInvis .   a - +0 hand axe
rCold    . . .     Gourm    .   (no shield)
rNeg     + . .     Faith    .   k - +0 ring mail
rPois    .         Spirit   .   j - +1 hat
rElec    .         Reflect  .   (no cloak)
rCorr    .         Harm     .   (no gloves)
MR       .....                  (no boots)
Stlth    ..........             (no amulet)
HPRegen  0.15/turn              p - ring of positive energy
MPRegen  0.09/turn              (no ring)

@: lethally poisoned (-6 -> -8)
A: retaliatory headbutt, horns 2
a: Berserk, Trog's Hand, Renounce Religion


You were on level 3 of the Dungeon.
You worshipped Trog.
Trog was pleased with you.
You were hungry.

You visited 1 branch of the dungeon, and saw 3 of its levels.

You collected 220 gold pieces.

Inventory:

Hand Weapons
 a - a +0 hand axe (weapon)
Missiles
 g - 34 bolts
 l - 38 arrows
Armour
 j - a +1 hat (worn)
 k - a +0 ring mail (worn)
Jewellery
 p - a ring of positive energy (left hand)
Scrolls
 b - a scroll of amnesia {unknown}
 d - 2 scrolls of identify {unknown}
 e - a scroll of magic mapping {unknown}
 h - 2 scrolls of immolation {unknown}
 m - 3 scrolls of enchant weapon {unknown}
 o - a scroll of blinking {unknown}
 q - a scroll of remove curse {unknown}
Potions
 f - 2 potions of curing
 i - a potion of haste
 n - a potion of agility {unknown}
 s - a potion of experience {unknown}
Comestibles
 c - 13 rations
 r - 4 chunks of flesh


   Skills:
 - Level 3.6 Fighting
 + Level 7.8 Axes
 - Level 2.4 Armour
 - Level 2.1 Dodging


You had 4 spell levels left.
You didn't know any spells.
Your spell library was empty.

Dungeon Overview and Level Annotations

Branches:
Dungeon (3/15)

Altars:
Qazlal


Innate Abilities, Weirdness & Mutations

You reflexively headbutt those who attack you in melee.
You have a pair of horns on your head.


Message History

* * * LOW HITPOINT WARNING * * *
You hit the gnoll.
You kill the gnoll!
Trog accepts your kill.
You hit the hobgoblin but do no damage.
You feel sick. The hobgoblin barely misses you. The gnoll closely misses you.
The hobgoblin hits you but does no damage.
The gnoll hits you but does no damage.
Things that are here:
a spear of flaming; a gnoll corpse You hit the gnoll.
The gnoll is lightly wounded.
You hit the hobgoblin but do no damage.
You feel sick.
The hobgoblin hits you but does no damage.
The gnoll hits you with a spear.
* * * LOW HITPOINT WARNING * * *
You barely miss the gnoll.
The gnoll is lightly wounded.
You hit the hobgoblin. The gnoll hits you with a spear!
You die...

#.# ###### ##..#
#######.###....##
#..#
.........÷......#
#..#
#######.###.....#
#..## #.# #.....#
#.... #.# #..†..#
##... #.# #.....#
#>.. #.# #...))#
#... #.# #!..g@#
#... #.#
#####.g......
#... #..
......... #[..
##........ ##..
#........ ###
#(.......
#........
#........


You could see a gnoll and a hobgoblin.

Vanquished Creatures
  A worker ant (D:3)
  7 gnolls
  7 adders
  2 oozes
  4 worms
  2 leopard geckos
  A giant cockroach (D:3)
  3 hobgoblins
  8 kobolds
  A quokka (D:3)
  6 bats
  3 frilled lizards
  5 goblins (D:1)
  7 rats
57 creatures vanquished.

Notes
Turn   | Place    | Note
-------+----------+-------------------------------------------
     0 | D:1      | tognito the Minotaur Berserker began the quest for the Orb.
     0 | D:1      | Reached XP level 1. HP: 19/19 MP: 0/0
    52 | D:1      | Reached skill level 4 in Axes
    68 | D:1      | Reached XP level 2. HP: 23/26 MP: 1/1
   426 | D:1      | Reached skill level 5 in Axes
   749 | D:2      | Reached XP level 3. HP: 24/31 MP: 2/2
   778 | D:2      | Found a stormy altar of Qazlal.
  1027 | D:2      | Reached ** piety under Trog
  1120 | D:2      | Reached skill level 6 in Axes
  1120 | D:2      | Reached XP level 4. HP: 26/39 MP: 3/3
  2036 | D:3      | Reached skill level 7 in Axes
  2036 | D:3      | Reached XP level 5. HP: 45/45 MP: 4/4
  2347 | D:3      | Mangled by a gnoll

Skill      XL: |  1  2  3  4 |
---------------+-------------+-----
Axes           | 4 5 6 7 |  7.8
Fighting       | |  3.6
Armour         | |  2.4
Dodging        | |  2.1

Action                   |  1- 3 |  4- 6 || total
-------------------------+-------+-------++-------
Melee: Hand axe          |    62 |    79 ||   141
       Headbutt          |     8 |    11 ||    19
Invok: Berserk           |     1 |       ||     1
  Use: Potion            |     5 |       ||     5
  Eat: Chunk             |     1 |     4 ||     5
Armor: Animal skin       |    10 |     4 ||    14
       Ring mail         |       |    14 ||    14
Dodge: Dodged            |    33 |    51 ||    84
